 Dungeon Crawl Stone Soup version 0.17.0-56-gd8de76c (webtiles) character file.

445 HolyRage the Firebug (level 6, -5/36 HPs)
             Began as a High Elf Fire Elementalist on Dec 1, 2015.
             Was an Initiate of Vehumet.
             Hit by a tomahawk thrown by an orc warrior (8 damage)
             ... on level 5 of the Dungeon on Dec 6, 2015.
             The game lasted 00:32:14 (4399 turns).

HolyRage the Firebug (High Elf Fire Elementalist)   Turns: 4399, Time: 00:32:14

Health: -5/36      AC:  7    Str:  7    XL:     6   Next: 72%
Magic:  9/14       EV: 12    Int: 22    God:    Vehumet [......]
Gold:   224        SH:  0    Dex: 15    Spells: 3 memorised, 7 levels left

rFire  + . .     SeeInvis .     u - +2 hunting sling (flame)
rCold  + . .     Clarity  .     a - +1 robe
rNeg   . . .     SustAt   .     (no shield)
rPois  .         Gourm    .     w - +0 helmet
rElec  .         Spirit   .     l - +2 cloak
rCorr  .         Warding  .     (no gloves)
rMut   .         Stasis   .     (no boots)
MR     .....                    (no amulet)
Stlth  ++........               y - ring of protection from cold
                                h - ring of protection from fire

@: not resistant to hostile enchantments, unstealthy
A: no striking features
a: Renounce Religion


You were on level 5 of the Dungeon.
You worshipped Vehumet.
Vehumet was noncommittal.
You were hungry.

You visited 1 branch of the dungeon, and saw 5 of its levels.

You collected 224 gold pieces.

Inventory:

Hand Weapons
 d - a +3 dagger of pain
 g - a +2 vampiric whip
 u - a +2 hunting sling of flaming (weapon)
Missiles
 t - 48 sling bullets (quivered)
Armour
 a - a +1 robe (worn)
 l - a +2 cloak (worn)
 w - a +0 helmet (worn)
Jewellery
 h - a ring of protection from fire (left hand)
 y - a ring of protection from cold (right hand)
Wands
 z - a wand of slowing (20)
Scrolls
 e - 4 scrolls of remove curse
 r - 4 scrolls of recharging
 s - a scroll of enchant armour
 x - 2 scrolls of magic mapping
 B - a scroll of immolation
Potions
 j - 2 potions of magic {unknown}
 k - 3 potions of heal wounds {unknown}
 m - a potion of cure mutation
 n - a potion of haste
 o - a potion of might {unknown}
 p - 4 potions of curing {unknown}
 q - a potion of cancellation {unknown}
 v - a potion of agility {unknown}
Books
 b - a book of Flames

   Spells                             Type                      Level
   a - Flame Tongue                   Conjuration/Fire             1
   b - Throw Flame                    Conjuration/Fire             2
   c - Conjure Flame                  Conjuration/Fire             3
   d - Inner Flame                    Hexes/Fire                   3
   e - Sticky Flame                   Conjuration/Fire             4
   f - Fireball                       Conjuration/Fire             5
 A - Sif Muna's Reference Book on the Dusty Compass
   (You found it on level 5 of the Dungeon)

   Spells                             Type                      Level
   a - Sandblast                      Earth                        1
   b - Apportation                    Translocation                1
   c - Stoneskin                      Transmutation/Earth          2
   d - Stone Arrow                    Conjuration/Earth            3
   e - Portal Projectile              Translocation                3
   f - Force Lance                    Conjuration/Translocation    4
Comestibles
 c - 6 bread rations
 f - 2 beef jerkies
 i - 2 meat rations
 C - 4 chunks of flesh


   Skills:
 * Level 0.2 Short Blades
 * Level 2.1 Dodging
 - Level 2.1 Stealth
 * Level 5.1 Spellcasting
 * Level 3.5 Conjurations
 * Level 5.4 Fire Magic


You had 7 spell levels left.
You knew the following spells:

 Your Spells              Type           Power        Failure   Level  Hunger
a - Flame Tongue          Conj/Fire      ####.        1%          1    None
b - Conjure Flame         Conj/Fire      ####....     6%          3    ##.....
c - Sticky Flame          Conj/Fire      ####....     17%         4    ####...


Dungeon Overview and Level Annotations

Branches:
Dungeon (5/15)
 Temple: D:4-7

Altars:
Gozag
Makhleb
Trog
Vehumet
Zin
The Shining One


Message History

Firing (i - inventory):
t - 50 sling bullets (quivered)
Press: ? - help, Shift-Dir - straight line, f/p - orc warrior
Aim: an orc warrior, wielding a dire flail and wearing a plate armour You shoot a sling bullet.
The sling bullet hits the orc warrior.
The sling bullet burns the orc warrior.
The orc warrior is lightly wounded.
The orc warrior throws a tomahawk.
The tomahawk hits you but does no damage.
Firing (i - inventory):
t - 49 sling bullets (quivered)
Press: ? - help, Shift-Dir - straight line, f/p - orc warrior
Aim: an orc warrior, wielding a dire flail and wearing a plate armour (lightly wounded)
You shoot a sling bullet.
The sling bullet hits the orc warrior but does no damage.
The orc warrior is lightly wounded.
The orc warrior throws a tomahawk.
The tomahawk hits you!!
Ouch! That really hurt!
* * * LOW HITPOINT WARNING * * *
That item cannot be evoked!
The orc warrior throws a tomahawk.
The tomahawk hits you!
You die...

..#.....# #.......#
..#..#.## #.......#
#.##.#.# ### #.8...8.#
.....#.# #.. #.......#
..#..#.# #.# ##..oo.##
.......# #.# #8...8#
.....#.# #.#####...##
..#.#########...####o##
#.#...........#.@(.ยง.#
...###################
#### ###### .....#
####.# ...#.# .....#
##.###


You could see an orc warrior.

Vanquished Creatures
  The ghost of Chiseanne the Sneak, an amateur SpAs (D:4)
  A hound (D:3)
  A crimson imp (D:3)
  2 orc priests
  A giant frog skeleton (D:4)
  A worker ant (D:5)
  Robin (D:4)
  An adder (D:3)
  4 gnolls
  2 oozes (D:4)
  2 worms
  A giant gecko (D:3)
  13 orcs
  2 giant cockroaches
  13 goblins
  9 hobgoblins
  5 jackals (D:3)
  6 kobolds
  8 bats
  A giant newt (D:2)
  3 quokkas
  7 rats
85 creatures vanquished.

Notes
Turn   | Place    | Note
--------------------------------------------------------------
     0 | D:1      | HolyRage the High Elf Fire Elementalist began the quest for the Orb.
     0 | D:1      | Reached XP level 1. HP: 11/11 MP: 4/4
   291 | D:1      | Reached XP level 2. HP: 17/17 MP: 4/6
   945 | D:2      | Found a faded altar to an unknown god.
   997 | D:2      | Reached XP level 3. HP: 21/21 MP: 4/8
  1184 | D:2      | Learned a level 3 spell: Conjure Flame
  1523 | D:2      | Reached skill level 4 in Fire Magic
  2042 | D:3      | Upgraded the game from 0.17.0-28-g6e173f8 to 0.17.0-56-gd8de76c
  2085 | D:3      | Reached XP level 4. HP: 16/27 MP: 3/9
  2467 | D:3      | Found a glowing golden altar of the Shining One.
  2475 | D:3      | Found a bloodstained altar of Trog.
  2545 | D:3      | Learned a level 4 spell: Sticky Flame
  2730 | D:3      | Reached XP level 5. HP: 31/31 MP: 11/11
  2856 | D:3      | Found a burning altar of Makhleb.
  3026 | D:4      | Noticed Robin
  3190 | D:3      | Reached skill level 5 in Fire Magic
  3388 | D:4      | Killed Robin
  3456 | D:4      | Noticed Chiseanne's ghost (amateur SpAs)
  3468 | D:4      | Killed Chiseanne's ghost
  3468 | D:4      | Reached XP level 6. HP: 36/36 MP: 5/13
  3799 | D:4      | Reached skill level 5 in Spellcasting
  3894 | D:4      | Found a glowing silver altar of Zin.
  3894 | D:4      | Noticed an angel
  3945 | D:4      | Found a radiant altar of Vehumet.
  3951 | D:4      | Became a worshipper of Vehumet
  3975 | D:5      | Entered Level 5 of the Dungeon
  4132 | D:5      | Found an opulent altar of Gozag.
  4190 | D:5      | Identified Sif Muna's Reference Book on the Dusty Compass
  4357 | D:5      | Found a runed door.
  4399 | D:5      | Hit by a tomahawk thrown by an orc warrior

Action                   |  1- 3 |  4- 6 || total
-------------------------+-------+-------++-------
Melee: Dagger            |    19 |       ||    19
 Fire: Hunting sling     |       |    60 ||    60
 Cast: Flame Tongue      |    40 |    87 ||   127
       Conjure Flame     |       |     2 ||     2
  Use: Scroll            |     6 |     6 ||    12
  Eat: Chunk             |     3 |     7 ||    10
